 Dungeon Crawl Stone Soup version 0.30.1-11-g7821555f0a (webtiles) character file.

Game seed: 9608491226208495869

260 bnorton916 the Magician (level 5, -4/28 HPs)
             Began as a Deep Elf Fire Elementalist on Nov 21, 2023.
             Killed by divine providence
             ... invoked by an orc priest
              (9 damage)
             ... on level 5 of the Dungeon.
             The game lasted 00:05:29 (4864 turns).

bnorton916 the Magician (DEFE)                      Turns: 4864, Time: 00:05:29

Health: -4/28      AC:  2    Str:  5    XL:     5   Next: 95%
Magic:  8/14       EV: 12    Int: 22    God:
Gold:   231        SH:  0    Dex: 15    Spells: 11/14 levels left

rFire   . . .        (no weapon)
rCold   . . .        (no shield)
rNeg    . . .        a - +0 robe
rPois   .            (no helmet)
rElec   .            (no cloak)
rCorr   .            (no gloves)
SInv    .            (no boots)
Will    +....        (no amulet)
Stlth   ++           n - ring of willpower
HPRegen 0.24/turn    (no ring)
MPRegen 0.14/turn

%: no passive effects
@: no status effects
A: no striking features
a: no special abilities


You were on level 5 of the Dungeon.
You visited 1 branch of the dungeon, and saw 5 of its levels.

You collected 231 gold pieces.

Inventory:

Hand Weapons
 l - a +1 short sword of draining
 v - the +7 Throatcutter {drain, coup de grace}
   (You found it on level 4 of the Dungeon)
Missiles
 r - 14 poisoned darts
Armour
 a - a +0 robe (worn)
Jewellery
 n - a ring of willpower (left hand)
Wands
 p - a wand of flame (5)
Scrolls
 c - a scroll of enchant armour {unknown}
 d - a scroll of blinking
 g - a scroll of noise {unknown}
 h - 6 scrolls of identify {unknown}
 j - a scroll of torment {unknown}
 k - a scroll of fear {unknown}
 m - a scroll of teleportation {unknown}
 o - a scroll of vulnerability {unknown}
 s - a scroll of brand weapon {unknown}
 t - a scroll of fog {unknown}
Potions
 b - a potion of magic
 e - 2 potions of berserk rage {unknown}
 f - 2 potions of curing {unknown}
 i - a potion of might {unknown}
 q - a potion of brilliance {unknown}
 u - a potion of haste {unknown}


   Skills:
 - Level 2.4 Dodging
 - Level 2.4 Stealth
 + Level 5.3 Spellcasting
 + Level 3.8 Conjurations
 + Level 5.0 Fire Magic


You had 11 spell levels left.
You knew the following spells:

 Your Spells              Type           Power      Damage    Failure   Level
a - Foxfire               Conj/Fire      100%       2x1d9     1%          1
b - Scorch                Fire           56%        2d7       1%          2

Your spell library contained the following spells:

 Spells                   Type           Power      Damage    Failure   Level
 Inner Flame              Hex/Fire       16%        N/A       11%         3
 Volatile Blastmotes      Fire/Tloc      32%        2d12      11%         3
 Sublimation of Blood     Necr           5%         N/A       14%         2
 Wereblood                Tmut           5%         N/A       14%         2
 Flame Wave               Conj/Fire      25%        2d8       16%         4
 Summon Hydra             Summ           2%         N/A       100%        7


Dungeon Overview and Level Annotations

Branches:
Dungeon (5/15)
 Temple: D:4-7

Altars:

Annotations:
D:2 Terence


Message History

Confirm with . or Enter, or press ? or * to list all spells.
You conjure some foxfire!
Casting: Foxfire (safe; 1% risk of failure)
Confirm with . or Enter, or press ? or * to list all spells.
You conjure some foxfire!
Your foxfire dissipates! x2
The foxfire hits the orc but does no damage.
The orc is moderately wounded.
The foxfire hits the orc.
The orc is almost dead.
Casting: Foxfire (safe; 1% risk of failure)
Confirm with . or Enter, or press ? or * to list all spells.
You conjure some foxfire!
The orc hits you with a +0 whip.
The foxfire hits the orc.
You kill the orc!
An orc priest comes into view. It is wielding a +0 trident.
Casting: Foxfire (safe; 1% risk of failure)
Confirm with . or Enter, or press ? or * to list all spells.
You conjure some foxfire!
The orc priest shouts!
You hear a shout!
Your foxfire dissipates!
The foxfire hits the orc priest.
The orc priest is lightly wounded.
The foxfire hits the orc priest.
The orc priest is heavily wounded.
The orc priest mumbles some strange prayers to Beogh against you.
Pain shoots through your body!
Casting: Foxfire (safe; 1% risk of failure)
Confirm with . or Enter, or press ? or * to list all spells.
Flames lash the orc priest.
The orc priest is severely wounded.
The orc priest's fire resistance burns away.
You hear a shout!
The orc priest calls down the wrath of Beogh upon you.
Beogh smites you!
Ouch! That really hurt!
* * * LOW HITPOINT WARNING * * *
The orc priest invokes the aid of Beogh against you.
Beogh smites you!
You die...

### #...#
#####......
##@).o.#
##..###..#
###.##..##
.o.#
.......<#
#.).
........#
#:
......(.#
........#
........#
#########


You could see an orc priest (combustible).

Vanquished Creatures
  A hound (D:3)
  An orc priest (D:3)
  Jessica (D:3)
  An orc wizard (D:3)
  6 adders
  A worm (D:4)
  2 dart slugs (D:1)
  15 orcs
  7 endoplasms
  A giant cockroach (D:2)
  5 goblins
  A hobgoblin (D:1)
  3 jackals (D:3)
  8 quokkas
  5 ball pythons
  5 bats
  2 frilled lizards (D:2)
  8 kobolds
  A rat (D:1)
74 creatures vanquished.

Vanquished Creatures (others)
  381 foxfires
381 creatures vanquished.

Grand Total: 455 creatures vanquished

Notes
Turn   | Place    | Note
-------+----------+-------------------------------------------
     0 | D:1      | bnorton916 the Deep Elf Fire Elementalist began the quest
                  | for the Orb.
     0 | D:1      | Reached XP level 1. HP: 10/10 MP: 6/6
   324 | D:1      | Reached XP level 2. HP: 15/15 MP: 4/8
  1103 | D:2      | Reached XP level 3. HP: 19/19 MP: 5/10
  2027 | D:2      | Reached XP level 4. HP: 24/24 MP: 10/12
  2111 | D:2      | Learned a level 2 spell: Scorch
  2739 | D:3      | Noticed Terence
  2741 | D:3      | Reached XP level 5. HP: 28/28 MP: 11/14
  3900 | D:3      | Noticed Jessica
  3906 | D:3      | Reached skill level 5 in Spellcasting
  3907 | D:3      | Killed Jessica
  4316 | D:4      | Reached skill level 5 in Fire Magic
  4592 | D:4      | Found the +7 Throatcutter {drain, coup de grace}
  4820 | D:5      | Entered Level 5 of the Dungeon
  4864 | D:5      | Killed from afar by an orc priest

Illustrated notes

Levels and vault maps discovered:
D:1:      lightli_arrival_statue_moat, layout_basic
D:2:      layout_basic, minmay_close_crescents
D:3:      layout_rooms, uniq_terence, uniq_jessica
D:4:      layout_basic, amcnicky_mini_pool_small
D:5:      layout_rooms, minmay_temple_entry_sparse_star, serial_shops,
          shop_fountains, minmay_misc_feat_ornament, grunt_decor_one_mirror,
          minmay_fractal_squares_gapless_5

Skill      XL: |  1  2  3  4  5 |
---------------+----------------+-----
Conjurations   | 2 3 |  3.8
Spellcasting   | 4 5 |  5.3
Fire Magic     | 4 5 |  5.0
Dodging        | |  2.4
Stealth        | |  2.4

Action                     |  1- 3 |  4- 6 || total
---------------------------+-------+-------++-------
   Cast: Foxfire           |   113 |   120 ||   233
         Scorch            |       |    12 ||    12
    Use: Scroll            |       |     1 ||     1
 Armour: Robe              |     8 |     2 ||    10
  Dodge: Dodged            |    29 |    20 ||    49
